Map: Forteresse de fer EC

Players

Kraeter - Winner!

  • Race: Zerg Zerg
  • League: Grandmaster

AgCl

  • Race: Protoss Protoss
  • League: Grandmaster

VOD

Have the link to the VOD?

Description

Time

  • Played on: May 30, 2015, 9:11 p.m.
  • Length: 5:33
Show
View Real Time Build Order
Export as new Build Order

Kraeter Zerg - Winner!

Build Orders: Pool First 

Get SALT Encoding   

  12  0:01  Drone  
  13  0:09  Drone  
  14  0:17  Overlord  
  14  0:30  Extractor  
  14  0:32  Drone x2, Extractor  
  15  0:37  Drone  
  16  0:48  Spawning Pool  
  15  0:50  Drone  
  15  0:56  Drone  
  17  1:05  Drone  
  18  1:16  Drone  
  19  1:34  Hatchery  
  18  1:40  Metabolic Boost  
  18  1:57  Hatchery  
  18  1:58  Drone  
  18  2:02  Drone  
  18  2:07  Queen  
  21  2:17  Drone  
  21  2:19  Overlord  
  22  2:43  Drone x3, Queen  
  27  2:45  Queen  
  30  2:51  Drone  
  30  2:58  Drone x2  
  32  3:11  Drone  
  32  3:12  Drone x2  
  35  3:13  Queen  
  35  3:15  Overlord  
  37  3:20  Drone x2  
  37  3:21  Drone  
  40  3:28  Drone x2  
  40  3:30  Overlord  
  42  3:36  Drone x3  
  45  3:46  Hatchery  
  44  3:51  Drone x3  
  44  3:52  Drone  
  44  3:54  Drone  
  44  3:55  Drone  
  50  3:58  Overlord  
  50  4:07  Drone x2  
  50  4:08  Drone x5  
  57  4:12  Overlord  
  57  4:20  Drone  
  57  4:21  Drone x3  
  61  4:28  Spore Crawler  
  59  4:40  Queen  
  59  4:41  Overlord x2  
  59  4:42  Zergling x2  
  59  4:43  Zergling x22  
  73  5:05  Overlord x4  
  73  5:19  Drone, Extractor  
  73  5:20  Drone x15  
  73  5:21  Drone x2  
Show
View Real Time Build Order
Export as new Build Order

AgCl Protoss 

Build Orders: Oracle Opening, Oracle Opening, Carrier Rush 

Get SALT Encoding   

  12  0:03  Probe  
  13  0:15  Probe  
  14  0:26  Pylon  
  14  0:36  Assimilator  
  14  0:44  Probe  
  15  0:56  Gateway, Probe (Chrono Boost)  
  16  1:08  Probe (Chrono Boost)  
  17  1:14  Probe (Chrono Boost)  
  17  1:17  Assimilator  
  18  1:25  Probe (Chrono Boost)  
  19  1:36  Probe (Chrono Boost)  
  20  1:42  Probe  
  21  1:53  Nexus  
  21  1:56  Cybernetics Core  
  21  2:04  Pylon  
  21  2:07  Probe  
  23  2:22  Probe  
  23  2:32  Warp Gate (Chrono Boost)  
  23  2:37  Pylon  
  23  2:38  Probe  
  24  2:50  Probe (Chrono Boost), Stargate  
  25  3:01  Pylon  
  25  3:03  Mothership Core (Chrono Boost)  
  27  3:08  Probe (Chrono Boost)  
  28  3:17  Probe (Chrono Boost)  
  28  3:18  Probe (Chrono Boost)  
  30  3:25  Probe (Chrono Boost)  
  30  3:26  Probe (Chrono Boost)  
  31  3:29  Assimilator  
  31  3:33  Probe  
  32  3:35  Probe, Oracle (Chrono Boost)  
  36  3:44  Assimilator  
  36  3:47  Probe x2 (Chrono Boost)  
  38  3:49  Pylon  
  38  3:59  Fleet Beacon  
  40  4:03  Probe (Chrono Boost)  
  40  4:04  Probe (Chrono Boost)  
  41  4:12  Probe (Chrono Boost)  
  41  4:14  Probe (Chrono Boost)  
  42  4:21  Carrier (Chrono Boost)  
  42  4:22  Probe (Chrono Boost)  
  42  4:24  Probe (Chrono Boost)  
  44  4:30  Probe (Chrono Boost)  
  45  4:34  Probe (Chrono Boost)  
  51  4:46  Probe (Chrono Boost)  
  51  4:48  Probe (Chrono Boost)  
  52  4:53  Probe (Chrono Boost)  
  52  4:54  Probe (Chrono Boost)  
  53  5:01  Gateway  
  53  5:03  Gateway  
  53  5:06  Probe  
  54  5:07  Probe  
  54  5:09  Pylon  
  55  5:18  Probe  
Tags
 
Add a new tag
Caveats
  • Supply blocks, unpowered buildings, or Contaminate may cause inaccurate times.
  • Supply counts are checked every 10 seconds.